 Dungeon Crawl Stone Soup version 0.22.1-2-g9c5b331 (webtiles) character file.

3010 Fang the Cleaver (level 9, -9/85 HPs)
             Began as a Gargoyle Berserker on Nov 29, 2018.
             Was an Elder of Trog.
             Mangled by a two-headed ogre
             ... wielding a +0 giant club
              (12 damage)
             ... on level 8 of the Dungeon.
             The game lasted 00:07:57 (7288 turns).

Fang the Cleaver (Gargoyle Berserker)               Turns: 7288, Time: 00:07:58

Health: -9/85      AC: 14    Str: 28    XL:     9   Next: 84%
Magic:  9/9        EV: 13    Int: 12    God:    Trog [****..]
Gold:   358        SH:  0    Dex:  9    Spells: 8/8 levels left

rFire    . . .     SeeInvis .   v - +1 war axe
rCold    . . .     Gourm    .   (no shield)
rNeg     + . .     Faith    .   i - +0 leather armour
rPois    ∞         Spirit   .   (no helmet)
rElec    +         Reflect  .   t - +3 cloak "Vyha" {rElec rCorr Int+3}
rCorr    +         Harm     .   (no gloves)
MR       .....                  (no boots)
Stlth    ..........             (no amulet)
HPRegen  0.24/turn              g - ring of flight
MPRegen  0.11/turn              (no ring)

@: berserking, very quick
A: negative energy resistance 1, electricity resistance, unbreathing,
petrification resistance, rot immunity, AC +6
a: Berserk, Trog's Hand, Brothers in Arms, Renounce Religion, Evoke Flight


You were on level 8 of the Dungeon.
You worshipped Trog.
Trog was greatly pleased with you.
You were very hungry.

You visited 2 branches of the dungeon, and saw 9 of its levels.

You collected 358 gold pieces.

Inventory:

Hand Weapons
 v - a +1 war axe (weapon)
Armour
 i - a +0 leather armour (worn)
 t - the +3 cloak "Vyha" (worn) {rElec rCorr Int+3}
   (You found it on level 4 of the Dungeon)

   It affects your intelligence (+3).
   It insulates you from electricity.
   It provides partial protection from all sources of acid and corrosion.
Jewellery
 g - a ring of flight (left hand)
Wands
 y - a wand of acid (6)
Scrolls
 e - 5 scrolls of teleportation
 p - a scroll of remove curse
Potions
 a - a potion of degeneration {unknown}
 b - 3 potions of heal wounds
 j - 4 potions of curing
 k - a potion of might
 l - a potion of resistance
 n - 2 potions of flight
 q - a potion of haste
 r - a potion of lignification {unknown}
 w - a potion of brilliance {unknown}
 x - a potion of ambrosia {unknown}
Comestibles
 c - 7 rations


   Skills:
 + Level 7.1 Fighting
 + Level 8.8 Axes
 + Level 4.8 Armour
 + Level 5.1 Dodging
 + Level 3.6 Stealth


You had 8 spell levels left.
You didn't know any spells.
Your spell library was empty.

Dungeon Overview and Level Annotations

Branches:
Dungeon (8/15)             Temple (1/1) D:4
   Lair: D:8-11

Altars:
Cheibriados
Gozag
Okawaru
Ru
Vehumet
Xom
Yredelemnul
The Shining One

Shops:
D:5 [

Annotations:
D:8 1 runed door, antares's ghost, novice DEFE


Innate Abilities, Weirdness & Mutations

You are resistant to torment.
Your stone body is resilient. (AC +6)
You are immune to poison.
You resist negative energy. (rN+)
You are resistant to electric shocks. (rElec)
You can survive without breathing.
You are immune to petrification.
You are immune to rotting.


Message History

* * * LOW HITPOINT WARNING * * *
The two-headed ogre hits you with a giant club.
* * * LOW HITPOINT WARNING * * *
You are too injured to fight recklessly!
You are too injured to fight recklessly!
You are too injured to fight recklessly!
You are too injured to fight recklessly!
You are too injured to fight recklessly!
You are too injured to fight recklessly!
You are too injured to fight recklessly!
You are too injured to fight recklessly!
You are too injured to fight recklessly!
You are too injured to fight recklessly!
A red film seems to cover your vision as you go berserk!
You feel yourself moving faster!
You feel mighty!
You are feeling very hungry.
The two-headed ogre hits you with a giant club!
* * * LOW HITPOINT WARNING * * *
The two-headed ogre hits you with a giant club!
You die...

#..###.....###...##......
#..###............ #.....
#..# #......#..#.. #....
..# #...##...#.# .... ..
....# ##..### ... ..#..
#...# ####. ##..##
###...# #@..###
......)O### ........#
......... ##.##.... #
##.... #.... ##....


You could see a two-headed ogre.

Vanquished Creatures
  A centaur warrior (D:8)
  A hippogriff (D:7)
  A hungry ghost (D:8)
  A water moccasin (D:7)
  A black bear (D:7)
  2 ogres
  2 sky beasts
  An ice beast (D:6)
  5 bullfrogs
  2 gnoll sergeants
  A scorpion (D:6)
  A howler monkey (D:7)
  4 wights (D:7)
  3 crimson imps
  2 hounds
  2 jellies
  An orc priest (D:7)
  An orc wizard (D:7)
  An iguana (D:6)
  6 worker ants
  A hound zombie (D:5)
  6 adders
  10 gnolls
  An ooze (D:2)
  2 adder zombies
  A worm (D:2)
  4 dart slugs
  4 orcs
  5 giant cockroaches
  7 goblins
  7 hobgoblins
  12 jackals
  5 kobolds
  5 quokkas
  3 bats
  6 frilled lizards
  A jackal skeleton (D:6)
  A leopard gecko skeleton (D:5)
  9 rats
  A spectral orc (D:5)
130 creatures vanquished.

Notes
Turn   | Place    | Note
-------+----------+-------------------------------------------
     0 | D:1      | Fang the Gargoyle Berserker began the quest for the Orb.
     0 | D:1      | Reached XP level 1. HP: 14/14 MP: 1/1
   336 | D:1      | Reached XP level 2. HP: 11/19 MP: 2/2
   429 | D:1      | Reached skill level 3 in Axes
   766 | D:1      | Reached XP level 3. HP: 21/24 MP: 3/3
  1025 | D:1      | Reached ** piety under Trog
  1818 | D:2      | Reached XP level 4. HP: 29/29 MP: 4/4
  1852 | D:2      | Found a faded altar of an unknown god.
  2626 | D:3      | Found a shimmering altar of Xom.
  2628 | D:3      | Found an iron altar of Okawaru.
  2628 | D:3      | Found a hazy altar of Hepliaklqana.
  2650 | D:3      | Found a sacrificial altar of Ru.
  2650 | D:3      | Found a shimmering altar of Xom.
  2650 | D:3      | Found a glowing golden altar of the Shining One.
  2936 | D:4      | Reached skill level 4 in Axes
  2936 | D:4      | Reached XP level 5. HP: 33/33 MP: 5/5
  2984 | D:4      | You fall through a shaft!
  2984 | D:5      | Entered Level 5 of the Dungeon
  3409 | D:5      | Found Heruroaf's Antique Armour Emporium.
  3414 | D:5      | Reached XP level 6. HP: 37/39 MP: 6/6
  3487 | D:5      | Reached *** piety under Trog
  3713 | D:5      | Found a basalt altar of Yredelemnul.
  4003 | D:4      | Got a shimmering cloak
  4009 | D:4      | Identified the +3 cloak "Vyha" {rElec rCorr Int+3} (You
                  | found it on level 4 of the Dungeon)
  4053 | D:4      | Found a snail-covered altar of Cheibriados.
  4285 | D:4      | Found an iron altar of Okawaru.
  4288 | D:4      | Found an opulent altar of Gozag.
  4298 | D:4      | Found a radiant altar of Vehumet.
  4446 | D:4      | Found a staircase to the Ecumenical Temple.
  4522 | Temple   | Entered the Ecumenical Temple
  4865 | D:6      | Reached skill level 5 in Axes
  4865 | D:6      | Reached skill level 1 in Stealth
  4865 | D:6      | Reached XP level 7. HP: 39/44 MP: 7/7
  4869 | D:6      | Reached skill level 5 in Fighting
  5581 | D:6      | Reached skill level 6 in Axes
  5581 | D:6      | Reached XP level 8. HP: 42/49 MP: 8/8
  5748 | D:7      | Noticed a hippogriff
  5765 | D:7      | Killed a hippogriff
  5884 | D:7      | Reached skill level 7 in Axes
  5924 | D:7      | Reached **** piety under Trog
  6215 | D:7      | Reached XP level 9. HP: 43/55 MP: 9/9
  6644 | D:7      | Reached skill level 8 in Axes
  6864 | D:8      | Noticed a centaur warrior
  6878 | D:8      | Killed a centaur warrior
  6878 | D:8      | Reached skill level 5 in Dodging
  7103 | D:8      | Found a runed door.
  7106 | D:8      | Noticed antares's ghost (novice DEFE)
  7144 | D:8      | Received a gift from Trog
  7279 | D:8      | Noticed a two-headed ogre
  7288 | D:8      | HP: 3/85 [two-headed ogre/giant club (13)]
  7288 | D:8      | Mangled by a two-headed ogre

Skill      XL: |  1  2  3  4  5  6  7  8  9 |
---------------+----------------------------+-----
Axes           | 3 4 5 6 7 8 |  8.8
Dodging        | 2 3 4 5 |  5.1
Fighting       | 4 5 6 7 |  7.1
Armour         | 3 4 |  4.8
Stealth        | 1 2 3 |  3.6

Action                   |  1- 3 |  4- 6 |  7- 9 || total
-------------------------+-------+-------+-------++-------
Melee: Hand axe          |   122 |   224 |       ||   346
       War axe           |       |     5 |   296 ||   301
Invok: Berserk           |     1 |     1 |     2 ||     4
  Use: Scroll            |       |       |    12 ||    12
 Stab: Sleeping          |     1 |       |     3 ||     4
  Eat: Chunk             |     4 |     7 |    12 ||    23
       Ration            |       |     1 |     1 ||     2
Armor: Animal skin       |    36 |       |       ||    36
       Leather armour    |     4 |   104 |   133 ||   241
Dodge: Dodged            |    75 |   172 |   205 ||   452
